AoeStats
← douglasvcf9t

Black Forest

504089978Analyzed
4v4 RM · 1mo ago on Sep 3, 2026· 92m 2s· 8 players
Game mode
Random Map
Map size
Large (8 player)
Population
200
Speed
Normal
Resources
Standard
Victory
Conquest
Starting age
Dark Age
Ending age
Imperial Age
RankedLock teamsTeams togetherTeam positionsShared explorationLock speedFull tech treeHidden civsTurbo modeCheats
Victory
Defeat
🇬🇷 Turks · Greece
881
+14
🇬🇷 Italians · Greece
859
+15
🇬🇷 Khmer · Greece
854
+15
853
+16
🇪🇸 Persians · Spain
900
-45
🇭🇰 Turks · Hong Kong SAR China
837
-15
🇪🇨 Italians · Ecuador
836
-15
🇹🇼 Bohemians · Taiwan
800
-13
鬼祟君_HK
12:32 Feudal Age
11:08 Loom
14:32 Wheelbarrow
13:44 Double-Bit Axe
14:44 Town Watch
14:49 Horse Collar
18:58 Castle Age
18:11 Fletching
20:05 Town Patrol
22:26 Bow Saw
27:21 Hand Cart
32:46 Heavy Plow
35:45 Squires
38:45 Imperial Age
36:39 Arson
36:17 Man-at-Arms
39:09 Bloodlines
39:01 Husbandry
40:08 Conscription
39:43 Heavy Camel Rider
41:46 Elite Janissary
42:30 Bodkin Arrow
44:41 Bracer
46:54 Forging
47:03 Cavalier
49:02 Padded Archer Armor
62:57 Hoardings
67:59 Murder Holes
marin.nikolaev9
6:50 Loom
11:40 Feudal Age
13:30 Wheelbarrow
12:44 Double-Bit Axe
12:42 Horse Collar
17:20 Gold Mining
17:28 Stone Mining
20:28 Castle Age
21:16 Hand Cart
22:36 Bow Saw
22:45 Heavy Plow
23:23 Gold Shaft Mining
23:31 Stone Shaft Mining
29:22 Town Watch
33:46 Imperial Age
32:11 Kamandaran
31:41 Crossbowman
32:19 Fletching
33:00 Town Patrol
33:21 Bodkin Arrow
33:29 Padded Archer Armor
33:45 Thumb Ring
35:32 Chemistry
35:47 Conscription
36:21 Hoardings
36:31 Caravan
36:50 Leather Archer Armor
36:48 Forging
36:51 Heavy Camel Rider
37:34 Husbandry
37:47 Bloodlines
36:59 Light Cavalry
37:47 Scale Barding Armor
38:18 Iron Casting
38:07 Ballistics
41:32 Blast Furnace
41:04 Ring Archer Armor
40:55 Chain Barding Armor
40:53 Masonry
46:07 Plate Barding Armor
48:31 Onager
50:36 Architecture
51:45 Capped Ram
56:58 Parthian Tactics
55:54 Elite Skirmisher
58:21 Scale Mail Armor
58:14 Heated Shot
59:36 Cavalier
60:04 Siege Ram
66:29 Two-Man Saw
66:24 Crop Rotation
67:20 Hussar
70:13 Coinage
69:56 Guilds
76:45 Banking
Test
0:37 Loom
11:34 Feudal Age
18:06 Castle Age
16:57 Horse Collar
17:14 Double-Bit Axe
21:51 Bow Saw
32:44 Imperial Age
30:32 Heavy Plow
31:42 Wheelbarrow
30:52 Town Watch
32:40 Chemistry
32:01 Ballistics
32:42 Hand Cart
33:22 Town Patrol
32:49 Elite Skirmisher
35:01 Two-Man Saw
34:37 Conscription
34:35 Wagenburg Tactics
36:28 Padded Archer Armor
36:18 Fletching
36:28 Scale Mail Armor
36:39 Forging
37:35 Pikeman
38:15 Squires
38:00 Arson
38:30 Houfnice
39:49 Siege Engineers
40:16 Halberdier
43:14 Leather Archer Armor
42:54 Bodkin Arrow
43:15 Chain Mail Armor
43:35 Iron Casting
50:27 Ring Archer Armor
49:58 Bracer
50:28 Plate Mail Armor
50:59 Blast Furnace
53:30 Fortified Wall
53:42 Bombard Tower
57:40 Caravan
58:10 Coinage
57:50 Guilds
63:29 Banking
douglasvcf9t
2:50 Loom
17:04 Feudal Age
19:25 Double-Bit Axe
23:40 Castle Age
22:39 Fletching
22:51 Padded Archer Armor
25:34 Wheelbarrow
25:19 Bow Saw
25:01 Gold Mining
29:17 Imperial Age
27:36 Stone Mining
33:48 Bodkin Arrow
36:53 Horse Collar
37:49 Bracer
37:52 Heavy Plow
39:29 Two-Man Saw
39:47 Leather Archer Armor
39:53 Pirotechnia
40:20 Ballistics
41:03 Chemistry
41:51 Ring Archer Armor
41:41 Heated Shot
43:09 Elite Genoese Crossbowman
44:12 Thumb Ring
44:39 Hand Cart
44:12 Town Watch
44:35 Caravan
47:42 Silk Road
50:45 Conscription
67:39 Scale Barding Armor
67:44 Forging
72:25 Husbandry
73:46 Bloodlines
75:40 Onager
77:10 Light Cavalry
82:21 Hussar
88:08 Hoardings
89:05 Chain Barding Armor
89:21 Iron Casting
91:01 Plate Barding Armor
andreas7487
0:42 Loom
14:09 Feudal Age
15:16 Horse Collar
15:23 Double-Bit Axe
16:35 Gold Mining
18:10 Stone Mining
23:07 Castle Age
23:44 Elite Skirmisher
25:20 Pikeman
28:20 Wheelbarrow
32:24 Imperial Age
30:37 Bow Saw
30:57 Heavy Plow
32:43 Stone Shaft Mining
32:43 Gold Shaft Mining
33:23 Wheelbarrow
34:23 Double Crossbow
35:59 Crop Rotation
37:05 Hand Cart
37:21 Heavy Scorpion
39:37 Siege Engineers
39:53 Ballistics
40:33 Chemistry
40:44 Tusk Swords
42:04 Coinage
41:34 Caravan
42:26 Padded Archer Armor
42:16 Fletching
42:37 Forging
42:27 Scale Mail Armor
42:33 Scale Barding Armor
42:39 Elite Ballista Elephant
53:05 Imperial Skirmisher
67:15 Leather Archer Armor
66:56 Bodkin Arrow
68:26 Banking
75:58 Ring Archer Armor
75:28 Bracer
84:59 Chain Mail Armor
85:19 Iron Casting
85:05 Chain Barding Armor
85:34 Hoardings
84:30 Sappers
85:21 Conscription
84:35 Onager
84:36 Capped Ram
84:39 Elite Battle Elephant
84:48 Heavy Cavalry Archer
84:50 Crossbowman
88:33 Town Watch
88:10 Siege Ram
88:56 Husbandry
89:07 Bloodlines
88:17 Light Cavalry
89:19 Masonry
90:07 Redemption
89:58 Devotion
90:23 Illumination
90:48 Town Patrol
giannispolukandriotis.4
0:47 Loom
14:00 Feudal Age
26:05 Castle Age
23:54 Horse Collar
24:07 Double-Bit Axe
24:19 Gold Mining
26:43 Stone Mining
32:47 Stone Shaft Mining
37:00 Imperial Age
35:00 Heavy Plow
36:01 Wheelbarrow
35:40 Bow Saw
35:48 Fortified Wall
36:25 Hand Cart
37:51 Ballistics
38:41 Chemistry
37:34 Town Watch
37:57 Siege Engineers
39:20 Crop Rotation
39:17 Padded Archer Armor
39:11 Fletching
39:23 Scale Mail Armor
39:34 Forging
40:31 Leather Archer Armor
40:34 Chain Mail Armor
40:51 Bodkin Arrow
41:34 Iron Casting
42:11 Coinage
41:43 Caravan
41:22 Elite Skirmisher
41:29 Elite Battle Elephant
42:12 Husbandry
42:33 Chatras
43:38 Paper Money
43:32 Elite Fire Lancer
46:22 Arson
54:31 Squires
56:10 Two-Man Saw
58:19 Scale Barding Armor
62:15 Chain Barding Armor
62:22 Bombard Tower
61:50 Arrowslits
61:55 Guard Tower
62:03 Murder Holes
63:53 Imperial Skirmisher
65:49 Keep
65:50 Ring Archer Armor
65:22 Bracer
69:09 Cavalier
72:30 Plate Barding Armor
72:27 Plate Mail Armor
71:25 Elite Rattan Archer
75:07 Guilds
75:31 Banking
75:07 Town Patrol
83:42 Bloodlines
82:54 Light Cavalry
84:16 Hoardings
makispapadopoulos7
0:27 Loom
13:06 Feudal Age
19:45 Castle Age
17:49 Double-Bit Axe
18:43 Horse Collar
19:11 Gold Mining
19:27 Stone Mining
20:51 Wheelbarrow
20:14 Town Watch
30:26 Stone Shaft Mining
32:23 Silk Road
32:36 Hand Cart
32:26 Heavy Plow
32:50 Bow Saw
34:46 Arson
39:17 Imperial Age
36:50 Caravan
37:21 Coinage
36:23 Elite Skirmisher
37:12 Fletching
37:23 Padded Archer Armor
37:29 Scale Barding Armor
37:25 Scale Mail Armor
37:08 Treadmill Crane
38:46 Ballistics
38:30 Bodkin Arrow
38:51 Leather Archer Armor
38:48 Forging
39:04 Squires
38:25 Pikeman
41:31 Chemistry
40:48 Husbandry
40:59 Bloodlines
40:09 Light Cavalry
41:10 Masonry
40:56 Murder Holes
41:04 Bracer
42:09 Hussar
42:34 Imperial Skirmisher
46:38 Two-Man Saw
46:11 Crop Rotation
46:58 Architecture
46:19 Heated Shot
46:50 Bombard Tower
46:41 Fortified Wall
46:22 Guard Tower
47:47 Bracer
48:18 Ring Archer Armor
48:09 Chain Barding Armor
48:05 Chain Mail Armor
48:43 Pirotechnia
48:54 Conscription
49:10 Hoardings
47:57 Elite Genoese Crossbowman
52:36 Town Patrol
62:40 Onager
66:14 Bombard Tower
65:46 Guard Tower
72:22 Keep
71:58 Fortified Wall
72:03 Forging
72:25 Plate Mail Armor
77:52 Iron Casting
77:52 Plate Barding Armor
82:52 Banking
82:33 Guilds
90:56 Sanctity
diomidismav
0:27 Loom
11:19 Feudal Age
11:49 Double-Bit Axe
12:44 Wheelbarrow
13:48 Horse Collar
23:52 Castle Age
23:08 Stone Mining
25:05 Bow Saw
24:49 Gold Mining
26:44 Gold Shaft Mining
26:31 Hand Cart
27:50 Padded Archer Armor
29:30 Heavy Plow
31:56 Bloodlines
35:58 Imperial Age
35:18 Leather Archer Armor
35:57 Fletching
37:56 Two-Man Saw
37:18 Caravan
37:50 Coinage
37:35 Guilds
37:48 Elite Janissary
39:21 Ballistics
39:36 Ring Archer Armor
39:59 Artillery
40:53 Husbandry
42:26 Banking
42:15 Bodkin Arrow
42:26 Scale Barding Armor
42:35 Fortified Wall
46:13 Bracer
47:38 Cavalier
52:27 Chain Barding Armor
68:29 Plate Barding Armor
Connection lost

Rejoining the realm…

Still unreachable

The connection could not be restored.

Session expired

The server has moved on; the page needs a fresh start.